Havana Tropicals vs Tucson Roadrunners
Created - Friday, June 23, 2023 at 06:29
Goals
|
| Havana Tropicals |
0 |
4 |
1 |
5 |
| Tucson Roadrunners |
0 |
2 |
0 |
2 |
|
Shots
|
| Havana Tropicals |
6 |
31 |
7 |
44 |
| Tucson Roadrunners |
3 |
12 |
11 |
26 |
|
1st period
No Goal
Penalties :
Pavel Dorofeyev (HAV) for Hooking (Minor) at 0:00
2nd period
1. Tucson Roadrunners , Scott Reedy 34 (Matthew Highmore 32, Jaroslav Halak) at 0:22 (PP)
2. Havana Tropicals , Chris Tierney 35 (Sammy Blais 36) at 4:11 (PP)
3. Tucson Roadrunners , Rocco Grimaldi 36 (Justin Danforth 37) at 7:15 (PP)
4. Havana Tropicals , Sammy Blais 28 (Dean Kukan 17, Darren Raddysh 3) at 11:18
5. Havana Tropicals , Robert Bortuzzo 8 (Pierre-Edouard Bellemare 67, Teddy Blueger 84) at 12:26 (PP)
6. Havana Tropicals , Chris Tierney 36 (Sammy Blais 37) at 15:48
Penalties :
Andre Lee (TRR) for Hooking (Minor) at 2:53, Sammy Blais (HAV) for High sticking (Minor) at 6:26, Jaroslav Halak (TRR) for Delaying the game (Minor) at 12:18 - Rocco Grimaldi served the penalty, Sammy Blais (HAV) for Holding (Minor) at 16:23, Ben Jones (TRR) for Roughing (Double Minor) at 18:45
3rd period
7. Havana Tropicals , Henrik Borgstrom 15 (Nolan Foote 12, Alexander Nylander 11) at 6:49
Penalties :
Johnathan Kovacevic (TRR) for Slashing (Minor) at 10:34, Robert Bortuzzo (HAV) for High sticking (Minor) at 18:17
Goalie Stats
Eric Comrie (HAV), 24 saves from 26 shots - (0.923), W, 38-13-3, 60:00 minutes
Jaroslav Halak (TRR), 39 saves from 44 shots - (0.886), L, 11-10-1, 60:00 minutes
Players Stats for Havana Tropicals
Player Name G A P +/- PIM S H SB GA TA FO MP PP MP PK MP
------------------------------------------------------------------------------------
Alexander Nylander 0 1 1 1 0 2 1 0 0 0 0/0 8:39 0:00 0:00
Chris Tierney 2 0 2 2 0 4 0 1 2 0 15/20 19:08 3:27 2:12
Darren Raddysh 0 1 1 1 0 1 0 1 0 0 0/0 16:25 0:00 0:42
Dean Kukan 0 1 1 1 0 3 1 0 0 0 0/0 15:40 0:00 0:00
Emil Bemstrom 0 0 0 0 0 3 1 0 1 1 0/1 12:45 1:29 0:00
Henrik Borgstrom 1 0 1 1 0 3 0 0 1 0 2/3 10:20 1:29 0:00
Milan Lucic 0 0 0 2 0 1 1 0 1 0 0/0 19:08 3:27 2:12
Nolan Foote 0 1 1 1 0 2 4 0 0 0 0/1 8:39 0:00 0:00
Pavel Dorofeyev 0 0 0 0 2 1 5 0 0 0 0/0 11:19 0:00 0:11
Philipp Kurashev 0 0 0 0 0 2 1 0 0 0 2/7 12:58 1:29 0:00
Pierre-Edouard Bellemare 0 1 1 0 0 4 2 1 2 1 0/0 19:17 2:28 2:30
Robert Bortuzzo 1 0 1 1 2 3 1 0 0 2 0/0 23:15 4:01 1:40
Sammy Blais 1 2 3 2 4 3 4 1 0 1 0/1 16:58 3:27 0:00
Teddy Blueger 0 1 1 0 0 6 1 0 0 0 12/17 19:17 2:28 2:30
Timothy Liljegren 0 0 0 1 0 1 0 0 0 0 0/0 19:48 3:23 2:31
Tucker Poolman 0 0 0 1 0 3 2 1 1 0 0/0 19:38 3:23 2:31
Zach Aston-Reese 0 0 0 0 0 1 1 0 0 0 0/0 17:45 2:28 0:11
Zach Whitecloud 0 0 0 1 0 1 0 3 0 1 0/0 24:05 4:01 2:22
Players Stats for Tucson Roadrunners
Player Name G A P +/- PIM S H SB GA TA FO MP PP MP PK MP
------------------------------------------------------------------------------------
Andre Lee 0 0 0 0 2 0 1 0 0 1 0/0 6:02 0:00 0:22
Ben Jones 0 0 0 0 4 1 3 0 0 0 3/4 16:03 0:00 0:00
Carson Soucy 0 0 0 -2 0 1 1 2 1 1 0/0 24:39 2:10 3:31
Gage Goncalves 0 0 0 0 0 0 0 0 0 0 0/0 1:54 0:00 0:00
Johnathan Kovacevic 0 0 0 0 2 2 1 2 0 0 0/0 13:50 0:00 0:00
Justin Danforth 0 1 1 0 0 1 3 3 1 0 3/11 20:21 2:32 3:32
Lukas Rousek 0 0 0 0 0 0 0 1 0 0 0/0 12:35 0:00 0:00
Marian Studenic 0 0 0 -3 0 2 3 1 0 1 0/2 17:21 2:21 0:00
Matthew Highmore 0 1 1 -3 0 1 0 0 0 1 0/1 20:53 2:21 3:32
Matthew Nieto 0 0 0 0 0 3 2 1 0 0 2/7 22:22 2:32 3:30
Michal Kempny 0 0 0 -1 0 0 0 1 0 1 0/0 21:40 2:43 3:53
Mikhail Maltsev 0 0 0 0 0 2 0 0 1 0 3/9 13:26 0:00 0:30
Nicolas Meloche 0 0 0 -1 0 2 2 2 0 1 0/0 21:40 2:43 3:53
Owen Sillinger 0 0 0 0 0 0 0 1 0 0 0/0 3:45 0:00 0:00
Robert Hagg 0 0 0 -2 0 0 2 2 0 1 0/0 24:39 2:10 3:31
Rocco Grimaldi 1 0 1 0 0 6 1 0 2 0 0/2 20:21 2:32 3:22
Scott Reedy 1 0 1 -3 0 5 3 1 1 0 8/14 17:21 2:21 0:00
Simon Benoit 0 0 0 0 0 0 4 1 0 1 0/0 13:41 0:00 0:00
3 Stars
1 - Chris Tierney (HAV)
2 - Sammy Blais (HAV)
3 - Henrik Borgstrom (HAV)
Power Play
Havana Tropicals - 2 on 5 Attempt(s) - 40.00%
Tucson Roadrunners - 2 on 4 Attempt(s) - 50.00%
Penalty Kill
Havana Tropicals - 2 on 4 Attempt(s) - 50.00%
- Score 0 goal in Penalty Kill
Tucson Roadrunners - 3 on 5 Attempt(s) - 60.00%
- Score 0 goal in Penalty Kill
Team Stat
Havana Tropicals - Hits : 25 - Faceoff Wins : 31 - Blocked Shots : 8 - Penalty Minutes : 8
Tucson Roadrunners - Hits : 26 - Faceoff Wins : 19 - Blocked Shots : 18 - Penalty Minutes : 10
Official
Referees : Jon Mclsaac and Gord Dwyer
Linesman : Andy McElman and Don Henderson
Game Notes
No Game Note
Havana Tropicals
5 vs 5 Forward
Center Left Wing Right Wing Time % Phy DF OF
1 Teddy Blueger Pierre-Edouard Bellemare Zach Aston-Reese 30 1 2 2
2 Chris Tierney Milan Lucic Sammy Blais 30 1 2 2
3 Philipp Kurashev Emil Bemstrom Pavel Dorofeyev 25 1 2 2
4 Henrik Borgstrom Nolan Foote Alexander Nylander 15 1 2 2
5 vs 5 Defense
Defense Defense Time % Phy DF OF
1 Zach Whitecloud Robert Bortuzzo 30 1 2 2
2 Tucker Poolman Timothy Liljegren 30 1 2 2
3 Dean Kukan Darren Raddysh 25 1 2 2
4 Zach Whitecloud Robert Bortuzzo 15 1 2 2
PowerPlay Forward
Center Left Wing Right Wing Time % Phy DF OF
1 Teddy Blueger Pierre-Edouard Bellemare Zach Aston-Reese 50 1 2 2
2 Chris Tierney Milan Lucic Sammy Blais 50 1 2 2
PowerPlay Defense
Defense Defense Time % Phy DF OF
1 Zach Whitecloud Robert Bortuzzo 50 1 2 2
2 Tucker Poolman Timothy Liljegren 50 1 2 2
Penalty Kill 4 Players Forward
Center Wing Time % Phy DF OF
1 Teddy Blueger Pierre-Edouard Bellemare 50 1 2 2
2 Chris Tierney Milan Lucic 50 1 2 2
Penalty Kill 4 Players Defense
Defense Defense Time % Phy DF OF
1 Zach Whitecloud Robert Bortuzzo 50 1 2 2
2 Tucker Poolman Timothy Liljegren 50 1 2 2
Penalty Kill - 3 Players Forward
Forward Time % Phy DF OF
1 Teddy Blueger 50 1 2 2
2 Pierre-Edouard Bellemare 50 1 2 2
Penalty Kill - 3 Players Defense
Defense Defense Time % Phy DF OF
1 Zach Whitecloud Robert Bortuzzo 50 1 2 2
2 Tucker Poolman Timothy Liljegren 50 1 2 2
4 vs 4 Forward
Center Wing Time % Phy DF OF
1 Teddy Blueger Pierre-Edouard Bellemare 50 1 2 2
2 Chris Tierney Milan Lucic 50 1 2 2
4 vs 4 Defense
Defense Defense Time % Phy DF OF
1 Zach Whitecloud Robert Bortuzzo 50 1 2 2
2 Tucker Poolman Timothy Liljegren 50 1 2 2
Last Minutes Offensive
Center Left Wing Right Wing Defense Defense
Teddy Blueger Pierre-Edouard Bellemare Zach Aston-Reese Zach Whitecloud Robert Bortuzzo
Last Minutes Defensive
Center Left Wing Right Wing Defense Defense
Teddy Blueger Pierre-Edouard Bellemare Zach Aston-Reese Zach Whitecloud Robert Bortuzzo
Goaltenders
Starting : Eric Comrie
Backup : Arvid Soderblom
Extra Forwards
Normal : Philipp Kurashev, Emil Bemstrom, Pavel Dorofeyev - PP : Philipp Kurashev, Emil Bemstrom - PK : Pavel Dorofeyev
Extra Defensemen
Normal : Dean Kukan, Darren Raddysh, Tucker Poolman - PP : Dean Kukan - PK : Darren Raddysh, Tucker Poolman
Penalty Shots
Teddy Blueger, Pierre-Edouard Bellemare, Chris Tierney, Milan Lucic, Zach Aston-Reese
Tucson Roadrunners
5 vs 5 Forward
Center Left Wing Right Wing Time % Phy DF OF
1 Justin Danforth Matthew Nieto Rocco Grimaldi 30 1 2 2
2 Scott Reedy Matthew Highmore Marian Studenic 30 1 2 2
3 Mikhail Maltsev Lukas Rousek Ben Jones 25 1 2 2
4 Ben Jones Andre Lee Matthew Nieto 15 1 2 2
5 vs 5 Defense
Defense Defense Time % Phy DF OF
1 Carson Soucy Robert Hagg 30 1 2 2
2 Nicolas Meloche Michal Kempny 30 1 2 2
3 Simon Benoit Johnathan Kovacevic 25 1 2 2
4 Carson Soucy Robert Hagg 15 1 2 2
PowerPlay Forward
Center Left Wing Right Wing Time % Phy DF OF
1 Justin Danforth Matthew Nieto Rocco Grimaldi 50 1 2 2
2 Scott Reedy Matthew Highmore Marian Studenic 50 1 2 2
PowerPlay Defense
Defense Defense Time % Phy DF OF
1 Carson Soucy Robert Hagg 50 1 2 2
2 Nicolas Meloche Michal Kempny 50 1 2 2
Penalty Kill 4 Players Forward
Center Wing Time % Phy DF OF
1 Matthew Nieto Rocco Grimaldi 50 1 2 2
2 Justin Danforth Matthew Highmore 50 1 2 2
Penalty Kill 4 Players Defense
Defense Defense Time % Phy DF OF
1 Carson Soucy Robert Hagg 50 1 2 2
2 Nicolas Meloche Michal Kempny 50 1 2 2
Penalty Kill - 3 Players Forward
Forward Time % Phy DF OF
1 Matthew Nieto 50 1 2 2
2 Rocco Grimaldi 50 1 2 2
Penalty Kill - 3 Players Defense
Defense Defense Time % Phy DF OF
1 Carson Soucy Robert Hagg 50 1 2 2
2 Nicolas Meloche Michal Kempny 50 1 2 2
4 vs 4 Forward
Center Wing Time % Phy DF OF
1 Matthew Nieto Rocco Grimaldi 50 1 2 2
2 Justin Danforth Matthew Highmore 50 1 2 2
4 vs 4 Defense
Defense Defense Time % Phy DF OF
1 Carson Soucy Robert Hagg 50 1 2 2
2 Nicolas Meloche Michal Kempny 50 1 2 2
Last Minutes Offensive
Center Left Wing Right Wing Defense Defense
Justin Danforth Matthew Nieto Rocco Grimaldi Carson Soucy Robert Hagg
Last Minutes Defensive
Center Left Wing Right Wing Defense Defense
Justin Danforth Matthew Nieto Rocco Grimaldi Carson Soucy Robert Hagg
Goaltenders
Starting : Jaroslav Halak
Backup : Kevin Mandolese
Extra Forwards
Normal : Owen Sillinger, Gage Goncalves, Mikhail Maltsev - PP : Owen Sillinger, Gage Goncalves - PK : Mikhail Maltsev
Extra Defensemen
Normal : Simon Benoit, Johnathan Kovacevic, Nicolas Meloche - PP : Simon Benoit - PK : Johnathan Kovacevic, Nicolas Meloche
Penalty Shots
Matthew Nieto, Rocco Grimaldi, Justin Danforth, Matthew Highmore, Scott Reedy
% Time on Ice - Havana Tropicals
Lines # - Real PCT - Wanted PCT - Time Play
Normal Forward
1 - 31% - 30% - 14:40
2 - 28% - 30% - 13:29
3 - 23% - 25% - 10:55
4 - 18% - 15% - 8:39
Normal Defense
1 - 29% - 30% - 13:38
2 - 29% - 30% - 13:43
3 - 32% - 25% - 15:11
4 - 11% - 15% - 5:11
PP Forward
1 - 51% - 50% - 3:46
2 - 49% - 50% - 3:38
PP Defense
1 - 54% - 50% - 4:01
2 - 46% - 50% - 3:23
PK Forward
1 - 51% - 50% - 2:30
2 - 49% - 50% - 2:23
PK Defense
1 - 48% - 50% - 2:22
2 - 52% - 50% - 2:31
PK3 Forward
1 - 0% - 50%
2 - 0% - 50%
PK3 Defense
1 - 0% - 50%
2 - 0% - 50%
44 Forward
1 - 0% - 50%
2 - 0% - 50%
44 Defense
1 - 0% - 50%
2 - 0% - 50%
Last Minute Offensive - 0:00
Last Minute Defensive - 0:00
Total
Forward - 60:00
Defense - 60:00
|
% Time on Ice - Tucson Roadrunners
Lines # - Real PCT - Wanted PCT - Time Play
Normal Forward
1 - 30% - 30% - 14:27
2 - 32% - 30% - 15:21
3 - 26% - 25% - 12:35
4 - 11% - 15% - 5:20
Normal Defense
1 - 29% - 30% - 13:50
2 - 32% - 30% - 15:04
3 - 29% - 25% - 13:41
4 - 11% - 15% - 5:08
PP Forward
1 - 52% - 50% - 2:32
2 - 48% - 50% - 2:21
PP Defense
1 - 44% - 50% - 2:10
2 - 56% - 50% - 2:43
PK Forward
1 - 51% - 50% - 3:47
2 - 49% - 50% - 3:37
PK Defense
1 - 48% - 50% - 3:31
2 - 52% - 50% - 3:53
PK3 Forward
1 - 0% - 50%
2 - 0% - 50%
PK3 Defense
1 - 0% - 50%
2 - 0% - 50%
44 Forward
1 - 0% - 50%
2 - 0% - 50%
44 Defense
1 - 0% - 50%
2 - 0% - 50%
Last Minute Offensive - 0:00
Last Minute Defensive - 0:00
Total
Forward - 60:00
Defense - 60:00
|
Play-by-Play
1st period
0:01 of 1st period - Teddy Blueger wins face-off versus Justin Danforth in neutral zone.
0:16 of 1st period - Snap shot by Pierre-Edouard Bellemare.
0:16 of 1st period - Shot Misses the Net.
0:26 of 1st period - Robert Bortuzzo is hit by Robert Hagg and loses puck.
0:33 of 1st period - Wrist shot by Marian Studenic.
0:33 of 1st period - Stopped by Eric Comrie with a rebound.
1:17 of 1st period - Snap shot by Nolan Foote.
1:17 of 1st period - Shot Misses the Net.
1:19 of 1st period - Snap shot by Nolan Foote.
1:19 of 1st period - Stopped by Jaroslav Halak without a rebound.
1:20 of 1st period - Scott Reedy wins face-off versus Teddy Blueger in Tucson Roadrunners zone.
1:29 of 1st period - Pierre-Edouard Bellemare is hit by Johnathan Kovacevic.
1:53 of 1st period - Snap shot by Justin Danforth.
1:53 of 1st period - Shot Misses the Net.
1:55 of 1st period - Snap shot by Matthew Nieto.
1:55 of 1st period - Shot Blocked by Sammy Blais.
3:37 of 1st period - Pavel Dorofeyev is hit by Simon Benoit and loses puck.
3:46 of 1st period - Emil Bemstrom is hit by Justin Danforth and loses puck.
4:10 of 1st period - Timothy Liljegren is hit by Simon Benoit.
6:27 of 1st period - Snap shot by Teddy Blueger.
6:27 of 1st period - Shot Misses the Net.
6:29 of 1st period - Snap shot by Pierre-Edouard Bellemare.
6:29 of 1st period - Shot Blocked by Lukas Rousek.
6:31 of 1st period - Slapshot by Zach Whitecloud.
6:31 of 1st period - Shot Blocked by Johnathan Kovacevic.
6:33 of 1st period - Slapshot by Robert Bortuzzo.
6:33 of 1st period - Stopped by Jaroslav Halak with a rebound.
6:35 of 1st period - Wrist shot by Pierre-Edouard Bellemare.
6:35 of 1st period - Shot Misses the Net.
6:49 of 1st period - Slapshot by Chris Tierney.
6:49 of 1st period - Stopped by Jaroslav Halak with a rebound.
6:55 of 1st period - Wrist shot by Sammy Blais.
6:55 of 1st period - Shot Misses the Net.
7:13 of 1st period - Nicolas Meloche is hit by Nolan Foote and loses puck.
7:24 of 1st period - Snap shot by Nolan Foote.
7:24 of 1st period - Shot Misses the Net.
7:34 of 1st period - Michal Kempny is hit by Pierre-Edouard Bellemare and loses puck.
8:09 of 1st period - Wrist shot by Scott Reedy.
8:09 of 1st period - Deflect By Emil Bemstrom.
8:09 of 1st period - Stopped by Eric Comrie with a rebound.
8:15 of 1st period - Marian Studenic is hit by Pavel Dorofeyev and loses puck.
8:31 of 1st period - Icing by Matthew Nieto.
8:32 of 1st period - Henrik Borgstrom wins face-off versus Justin Danforth in Tucson Roadrunners zone.
8:58 of 1st period - Matthew Nieto is hit by Nolan Foote and loses puck.
9:07 of 1st period - Wrist shot by Henrik Borgstrom.
9:07 of 1st period - Shot Misses the Net.
9:46 of 1st period - Henrik Borgstrom is hit by Matthew Nieto and loses puck.
9:57 of 1st period - Snap shot by Henrik Borgstrom.
9:57 of 1st period - Shot Misses the Net.
9:59 of 1st period - Snap shot by Nolan Foote.
9:59 of 1st period - Stopped by Jaroslav Halak with a rebound.
10:01 of 1st period - Wrist shot by Tucker Poolman.
10:01 of 1st period - Shot Blocked by Simon Benoit.
10:09 of 1st period - Slapshot by Alexander Nylander.
10:09 of 1st period - Shot Blocked by Justin Danforth.
10:11 of 1st period - Slapshot by Tucker Poolman.
10:11 of 1st period - Stopped by Jaroslav Halak without a rebound.
10:12 of 1st period - Teddy Blueger wins face-off versus Mikhail Maltsev in Tucson Roadrunners zone.
10:37 of 1st period - Robert Hagg is hit by Sammy Blais and loses puck.
10:42 of 1st period - Snap shot by Chris Tierney.
10:42 of 1st period - Shot Misses the Net.
10:44 of 1st period - Snap shot by Dean Kukan.
10:44 of 1st period - Shot Blocked by Scott Reedy.
10:46 of 1st period - Wrist shot by Chris Tierney.
10:46 of 1st period - Stopped by Jaroslav Halak with a rebound.
10:48 of 1st period - Slapshot by Darren Raddysh.
10:48 of 1st period - Shot Blocked by Robert Hagg.
10:50 of 1st period - Slapshot by Sammy Blais.
10:50 of 1st period - Shot Blocked by Carson Soucy.
11:16 of 1st period - Johnathan Kovacevic is hit by Teddy Blueger and loses puck.
11:39 of 1st period - Owen Sillinger is hit by Pavel Dorofeyev and loses puck.
12:37 of 1st period - Carson Soucy is hit by Pavel Dorofeyev and loses puck.
13:52 of 1st period - Sammy Blais is hit by Simon Benoit.
15:42 of 1st period - Lukas Rousek is hit by Pavel Dorofeyev and loses puck.
15:55 of 1st period - Andre Lee is hit by Dean Kukan and loses puck.
17:25 of 1st period - Simon Benoit is hit by Alexander Nylander and loses puck.
18:26 of 1st period - Milan Lucic is hit by Ben Jones and loses puck.
19:02 of 1st period - Icing by Ben Jones.
19:03 of 1st period - Ben Jones wins face-off versus Henrik Borgstrom in Tucson Roadrunners zone.
19:16 of 1st period - Wrist shot by Alexander Nylander.
19:16 of 1st period - Deflect By Henrik Borgstrom.
19:16 of 1st period - Shot Blocked by Owen Sillinger.
19:16 of 1st period - Puck is out of play.
19:17 of 1st period - Scott Reedy wins face-off versus Chris Tierney in Tucson Roadrunners zone.
19:55 of 1st period - Snap shot by Rocco Grimaldi.
19:55 of 1st period - Stopped by Eric Comrie with a rebound.
Goals for this period are 0 for Havana Tropicals vs 0 for Tucson Roadrunners.
Shots for this period are 6 for Havana Tropicals vs 3 for Tucson Roadrunners.
0:00 of 2nd period - Minor Penalty to Pavel Dorofeyev for Hooking.
Goals for this period are 0 for Havana Tropicals vs 0 for Tucson Roadrunners.
Shots for this period are 6 for Havana Tropicals vs 3 for Tucson Roadrunners.
2nd period
0:01 of 2nd period - Teddy Blueger wins face-off versus Justin Danforth in neutral zone.
0:10 of 2nd period - Wrist shot by Rocco Grimaldi.
0:10 of 2nd period - Shot Blocked by Pierre-Edouard Bellemare.
0:12 of 2nd period - Slapshot by Carson Soucy.
0:12 of 2nd period - Stopped by Eric Comrie without a rebound.
0:13 of 2nd period - Chris Tierney wins face-off versus Scott Reedy in Havana Tropicals zone.
0:22 of 2nd period - Snap shot by Scott Reedy.
0:22 of 2nd period - Goal by Scott Reedy - Havana Tropicals : 0 - Tucson Roadrunners : 1.
0:23 of 2nd period - Teddy Blueger wins face-off versus Mikhail Maltsev in neutral zone.
0:56 of 2nd period - Slapshot by Rocco Grimaldi.
0:56 of 2nd period - Stopped by Eric Comrie with a rebound.
1:55 of 2nd period - Snap shot by Rocco Grimaldi.
1:55 of 2nd period - Stopped by Eric Comrie with a rebound.
2:37 of 2nd period - Wrist shot by Henrik Borgstrom.
2:37 of 2nd period - Stopped by Jaroslav Halak without a rebound.
2:38 of 2nd period - Ben Jones wins face-off versus Nolan Foote in Tucson Roadrunners zone.
2:42 of 2nd period - Icing by Matthew Nieto.
2:43 of 2nd period - Teddy Blueger wins face-off versus Ben Jones in Tucson Roadrunners zone.
2:44 of 2nd period - Wrist shot by Zach Aston-Reese.
2:44 of 2nd period - Shot Blocked by Matthew Nieto.
2:46 of 2nd period - Snap shot by Tucker Poolman.
2:46 of 2nd period - Stopped by Jaroslav Halak with a rebound.
2:48 of 2nd period - Slapshot by Zach Aston-Reese.
2:48 of 2nd period - Stopped by Jaroslav Halak with a rebound.
2:53 of 2nd period - Minor Penalty to Andre Lee for Hooking.
2:54 of 2nd period - Matthew Nieto wins face-off versus Teddy Blueger in Tucson Roadrunners zone.
3:14 of 2nd period - Snap shot by Rocco Grimaldi.
3:14 of 2nd period - Deflect By Matthew Nieto.
3:14 of 2nd period - Deflect By Robert Bortuzzo.
3:14 of 2nd period - Shot Misses the Net.
3:14 of 2nd period - Puck is out of play.
3:15 of 2nd period - Matthew Nieto wins face-off versus Chris Tierney in Havana Tropicals zone.
3:22 of 2nd period - Wrist shot by Matthew Nieto.
3:22 of 2nd period - Stopped by Eric Comrie without a rebound.
3:23 of 2nd period - Chris Tierney wins face-off versus Justin Danforth in Havana Tropicals zone.
3:39 of 2nd period - Slapshot by Tucker Poolman.
3:39 of 2nd period - Stopped by Jaroslav Halak with a rebound.
3:57 of 2nd period - Snap shot by Teddy Blueger.
3:57 of 2nd period - Stopped by Jaroslav Halak with a rebound.
3:59 of 2nd period - Wrist shot by Pierre-Edouard Bellemare.
3:59 of 2nd period - Stopped by Jaroslav Halak without a rebound.
4:00 of 2nd period - Chris Tierney wins face-off versus Justin Danforth in Tucson Roadrunners zone.
4:11 of 2nd period - Snap shot by Chris Tierney.
4:11 of 2nd period - Goal by Chris Tierney - Havana Tropicals : 1 - Tucson Roadrunners : 1.
4:12 of 2nd period - Mikhail Maltsev wins face-off versus Teddy Blueger in neutral zone.
4:25 of 2nd period - Snap shot by Pierre-Edouard Bellemare.
4:25 of 2nd period - Stopped by Jaroslav Halak with a rebound.
5:02 of 2nd period - Slapshot by Matthew Highmore.
5:02 of 2nd period - Shot Misses the Net.
5:04 of 2nd period - Backhand shot by Johnathan Kovacevic.
5:04 of 2nd period - Shot Misses the Net.
5:06 of 2nd period - Slapshot by Johnathan Kovacevic.
5:06 of 2nd period - Stopped by Eric Comrie without a rebound.
5:07 of 2nd period - Philipp Kurashev wins face-off versus Mikhail Maltsev in Havana Tropicals zone.
5:45 of 2nd period - Snap shot by Matthew Highmore.
5:45 of 2nd period - Shot Blocked by Darren Raddysh.
5:55 of 2nd period - Matthew Nieto is hit by Pierre-Edouard Bellemare and loses puck.
6:26 of 2nd period - Minor Penalty to Sammy Blais for High sticking.
6:27 of 2nd period - Chris Tierney wins face-off versus Scott Reedy in Havana Tropicals zone.
6:42 of 2nd period - Wrist shot by Teddy Blueger.
6:42 of 2nd period - Stopped by Jaroslav Halak without a rebound.
6:43 of 2nd period - Chris Tierney wins face-off versus Justin Danforth in Tucson Roadrunners zone.
7:06 of 2nd period - Pierre-Edouard Bellemare is hit by Robert Hagg.
7:15 of 2nd period - Snap shot by Rocco Grimaldi.
7:15 of 2nd period - Goal by Rocco Grimaldi - Havana Tropicals : 1 - Tucson Roadrunners : 2.
7:16 of 2nd period - Teddy Blueger wins face-off versus Scott Reedy in neutral zone.
7:41 of 2nd period - Carson Soucy is hit by Sammy Blais and loses puck.
8:06 of 2nd period - Ben Jones is hit by Philipp Kurashev and loses puck.
8:19 of 2nd period - Darren Raddysh is hit by Scott Reedy and loses puck.
8:26 of 2nd period - Snap shot by Emil Bemstrom.
8:26 of 2nd period - Shot Blocked by Michal Kempny.
8:28 of 2nd period - Slapshot by Philipp Kurashev.
8:28 of 2nd period - Stopped by Jaroslav Halak without a rebound.
8:29 of 2nd period - Teddy Blueger wins face-off versus Rocco Grimaldi in Tucson Roadrunners zone.
8:36 of 2nd period - Wrist shot by Teddy Blueger.
8:36 of 2nd period - Deflect By Zach Aston-Reese.
8:36 of 2nd period - Shot Misses the Net.
8:36 of 2nd period - Puck is out of play.
8:37 of 2nd period - Teddy Blueger wins face-off versus Rocco Grimaldi in Tucson Roadrunners zone.
9:00 of 2nd period - Zach Whitecloud is hit by Simon Benoit and loses puck.
9:21 of 2nd period - Wrist shot by Teddy Blueger.
9:21 of 2nd period - Stopped by Jaroslav Halak with a rebound.
9:31 of 2nd period - Wrist shot by Pierre-Edouard Bellemare.
9:31 of 2nd period - Shot Misses the Net.
9:33 of 2nd period - Backhand shot by Teddy Blueger.
9:33 of 2nd period - Shot Misses the Net.
9:58 of 2nd period - Snap shot by Matthew Nieto.
9:58 of 2nd period - Stopped by Eric Comrie with a rebound.
10:00 of 2nd period - Wrist shot by Matthew Nieto.
10:00 of 2nd period - Shot Misses the Net.
10:02 of 2nd period - Snap shot by Matthew Nieto.
10:02 of 2nd period - Shot Misses the Net.
10:04 of 2nd period - Slapshot by Johnathan Kovacevic.
10:04 of 2nd period - Shot Blocked by Zach Whitecloud.
10:06 of 2nd period - Slapshot by Johnathan Kovacevic.
10:06 of 2nd period - Deflect By Justin Danforth.
10:06 of 2nd period - Shot Misses the Net.
10:06 of 2nd period - Puck is out of play.
10:07 of 2nd period - Chris Tierney wins face-off versus Scott Reedy in Havana Tropicals zone.
10:07 of 2nd period - Chris Tierney is hit by Scott Reedy.
10:15 of 2nd period - Milan Lucic is hit by Marian Studenic and loses puck.
10:22 of 2nd period - Snap shot by Scott Reedy.
10:22 of 2nd period - Stopped by Eric Comrie with a rebound.
10:40 of 2nd period - Wrist shot by Ben Jones.
10:40 of 2nd period - Deflect By Mikhail Maltsev.
10:40 of 2nd period - Stopped by Eric Comrie without a rebound.
10:41 of 2nd period - Chris Tierney wins face-off versus Marian Studenic in Havana Tropicals zone.
10:48 of 2nd period - Slapshot by Sammy Blais.
10:48 of 2nd period - Stopped by Jaroslav Halak with a rebound.
10:50 of 2nd period - Snap shot by Milan Lucic.
10:50 of 2nd period - Stopped by Jaroslav Halak without a rebound.
10:51 of 2nd period - Chris Tierney wins face-off versus Scott Reedy in Tucson Roadrunners zone.
11:04 of 2nd period - Wrist shot by Chris Tierney.
11:04 of 2nd period - Shot Blocked by Marian Studenic.
11:06 of 2nd period - Wrist shot by Dean Kukan.
11:06 of 2nd period - Stopped by Jaroslav Halak with a rebound.
11:08 of 2nd period - Snap shot by Chris Tierney.
11:08 of 2nd period - Shot Misses the Net.
11:10 of 2nd period - Slapshot by Dean Kukan.
11:10 of 2nd period - Shot Misses the Net.
11:12 of 2nd period - Slapshot by Darren Raddysh.
11:12 of 2nd period - Stopped by Jaroslav Halak with a rebound.
11:14 of 2nd period - Slapshot by Dean Kukan.
11:14 of 2nd period - Stopped by Jaroslav Halak with a rebound.
11:16 of 2nd period - Snap shot by Dean Kukan.
11:16 of 2nd period - Stopped by Jaroslav Halak with a rebound.
11:18 of 2nd period - Wrist shot by Sammy Blais.
11:18 of 2nd period - Goal by Sammy Blais - Havana Tropicals : 2 - Tucson Roadrunners : 2.
11:19 of 2nd period - Mikhail Maltsev wins face-off versus Chris Tierney in neutral zone.
11:46 of 2nd period - Robert Hagg is hit by Robert Bortuzzo and loses puck.
11:57 of 2nd period - Pierre-Edouard Bellemare is hit by Marian Studenic and loses puck.
12:14 of 2nd period - Snap shot by Philipp Kurashev.
12:14 of 2nd period - Stopped by Jaroslav Halak with a rebound.
12:16 of 2nd period - Slapshot by Tucker Poolman.
12:16 of 2nd period - Shot Misses the Net.
12:18 of 2nd period - Slapshot by Timothy Liljegren.
12:18 of 2nd period - Stopped by Jaroslav Halak without a rebound.
12:18 of 2nd period - Minor Penalty to Jaroslav Halak for Delaying the game.
12:19 of 2nd period - Teddy Blueger wins face-off versus Matthew Nieto in Tucson Roadrunners zone.
12:20 of 2nd period - Wrist shot by Pierre-Edouard Bellemare.
12:20 of 2nd period - Shot Misses the Net.
12:22 of 2nd period - Wrist shot by Pierre-Edouard Bellemare.
12:22 of 2nd period - Stopped by Jaroslav Halak with a rebound.
12:24 of 2nd period - Slapshot by Robert Bortuzzo.
12:24 of 2nd period - Stopped by Jaroslav Halak with a rebound.
12:26 of 2nd period - Slapshot by Robert Bortuzzo.
12:26 of 2nd period - Goal by Robert Bortuzzo - Havana Tropicals : 3 - Tucson Roadrunners : 2.
12:27 of 2nd period - Chris Tierney wins face-off versus Mikhail Maltsev in neutral zone.
12:30 of 2nd period - Lukas Rousek is hit by Sammy Blais.
12:36 of 2nd period - Snap shot by Robert Bortuzzo.
12:36 of 2nd period - Shot Blocked by Carson Soucy.
12:38 of 2nd period - Slapshot by Zach Whitecloud.
12:38 of 2nd period - Shot Blocked by Robert Hagg.
12:40 of 2nd period - Slapshot by Zach Whitecloud.
12:40 of 2nd period - Shot Misses the Net.
12:42 of 2nd period - Wrist shot by Milan Lucic.
12:42 of 2nd period - Shot Hit the Post.
13:02 of 2nd period - Robert Bortuzzo is hit by Scott Reedy and loses puck.
13:21 of 2nd period - Slapshot by Zach Whitecloud.
13:21 of 2nd period - Stopped by Jaroslav Halak without a rebound.
13:22 of 2nd period - Chris Tierney wins face-off versus Mikhail Maltsev in Tucson Roadrunners zone.
13:37 of 2nd period - Snap shot by Mikhail Maltsev.
13:37 of 2nd period - Shot Misses the Net.
13:55 of 2nd period - Wrist shot by Marian Studenic.
13:55 of 2nd period - Shot Blocked by Tucker Poolman.
13:57 of 2nd period - Slapshot by Michal Kempny.
13:57 of 2nd period - Shot Misses the Net.
13:59 of 2nd period - Wrist shot by Marian Studenic.
13:59 of 2nd period - Stopped by Eric Comrie without a rebound.
14:00 of 2nd period - Justin Danforth wins face-off versus Philipp Kurashev in Havana Tropicals zone.
14:51 of 2nd period - Wrist shot by Scott Reedy.
14:51 of 2nd period - Shot Blocked by Chris Tierney.
15:23 of 2nd period - Wrist shot by Emil Bemstrom.
15:23 of 2nd period - Stopped by Jaroslav Halak without a rebound.
15:24 of 2nd period - Philipp Kurashev wins face-off versus Mikhail Maltsev in Tucson Roadrunners zone.
15:36 of 2nd period - Snap shot by Emil Bemstrom.
15:36 of 2nd period - Stopped by Jaroslav Halak with a rebound.
15:38 of 2nd period - Wrist shot by Pavel Dorofeyev.
15:38 of 2nd period - Stopped by Jaroslav Halak without a rebound.
15:39 of 2nd period - Chris Tierney wins face-off versus Matthew Highmore in Tucson Roadrunners zone.
15:40 of 2nd period - Wrist shot by Sammy Blais.
15:40 of 2nd period - Stopped by Jaroslav Halak without a rebound.
15:41 of 2nd period - Chris Tierney wins face-off versus Marian Studenic in Tucson Roadrunners zone.
15:46 of 2nd period - Snap shot by Sammy Blais.
15:46 of 2nd period - Shot Misses the Net.
15:48 of 2nd period - Slapshot by Chris Tierney.
15:48 of 2nd period - Goal by Chris Tierney - Havana Tropicals : 4 - Tucson Roadrunners : 2.
15:49 of 2nd period - Ben Jones wins face-off versus Teddy Blueger in neutral zone.
16:09 of 2nd period - Teddy Blueger is hit by Carson Soucy and loses puck.
16:23 of 2nd period - Minor Penalty to Sammy Blais for Holding.
16:24 of 2nd period - Scott Reedy wins face-off versus Chris Tierney in Havana Tropicals zone.
16:38 of 2nd period - Snap shot by Matthew Highmore.
16:38 of 2nd period - Stopped by Eric Comrie with a rebound.
16:59 of 2nd period - Snap shot by Teddy Blueger.
16:59 of 2nd period - Stopped by Jaroslav Halak with a rebound.
17:01 of 2nd period - Slapshot by Zach Whitecloud.
17:01 of 2nd period - Deflect By Pierre-Edouard Bellemare.
17:01 of 2nd period - Stopped by Jaroslav Halak with a rebound.
18:23 of 2nd period - Penalty to Sammy Blais is over, Sammy Blais is back on ice.
18:42 of 2nd period - Backhand shot by Alexander Nylander.
18:42 of 2nd period - Deflect By Henrik Borgstrom.
18:42 of 2nd period - Shot Hit the Post.
18:42 of 2nd period - Puck is out of play.
18:43 of 2nd period - Mikhail Maltsev wins face-off versus Philipp Kurashev in Tucson Roadrunners zone.
18:45 of 2nd period - Double Minor Penalty to Ben Jones for Roughing.
18:46 of 2nd period - Teddy Blueger wins face-off versus Matthew Nieto in Tucson Roadrunners zone.
Goals for this period are 4 for Havana Tropicals vs 2 for Tucson Roadrunners.
Shots for this period are 31 for Havana Tropicals vs 12 for Tucson Roadrunners.
3rd period
0:01 of 3rd period - Teddy Blueger wins face-off versus Matthew Nieto in neutral zone.
0:14 of 3rd period - Snap shot by Zach Aston-Reese.
0:14 of 3rd period - Shot Misses the Net.
0:26 of 3rd period - Teddy Blueger is hit by Nicolas Meloche.
2:23 of 3rd period - Carson Soucy is hit by Sammy Blais and loses puck.
2:45 of 3rd period - Penalty to Ben Jones is over, Ben Jones is back on ice.
2:46 of 3rd period - Zach Whitecloud is hit by Andre Lee and loses puck.
2:51 of 3rd period - Snap shot by Mikhail Maltsev.
2:51 of 3rd period - Shot Misses the Net.
2:53 of 3rd period - Slapshot by Johnathan Kovacevic.
2:53 of 3rd period - Stopped by Eric Comrie with a rebound.
2:55 of 3rd period - Snap shot by Ben Jones.
2:55 of 3rd period - Stopped by Eric Comrie with a rebound.
2:57 of 3rd period - Slapshot by Johnathan Kovacevic.
2:57 of 3rd period - Deflect By Mikhail Maltsev.
2:57 of 3rd period - Stopped by Eric Comrie with a rebound.
2:59 of 3rd period - Slapshot by Johnathan Kovacevic.
2:59 of 3rd period - Shot Blocked by Zach Whitecloud.
3:01 of 3rd period - Slapshot by Andre Lee.
3:01 of 3rd period - Shot Misses the Net.
3:03 of 3rd period - Slapshot by Simon Benoit.
3:03 of 3rd period - Shot Misses the Net.
3:05 of 3rd period - Slapshot by Ben Jones.
3:05 of 3rd period - Deflect By Philipp Kurashev.
3:05 of 3rd period - Shot Blocked by Zach Whitecloud.
3:05 of 3rd period - Puck is out of play.
3:06 of 3rd period - Teddy Blueger wins face-off versus Scott Reedy in Havana Tropicals zone.
3:29 of 3rd period - Nolan Foote is hit by Justin Danforth.
3:56 of 3rd period - Sammy Blais is hit by Marian Studenic and loses puck.
4:13 of 3rd period - Slapshot by Matthew Nieto.
4:13 of 3rd period - Stopped by Eric Comrie with a rebound.
4:58 of 3rd period - Snap shot by Rocco Grimaldi.
4:58 of 3rd period - Stopped by Eric Comrie without a rebound.
4:59 of 3rd period - Henrik Borgstrom wins face-off versus Justin Danforth in Havana Tropicals zone.
5:08 of 3rd period - Snap shot by Rocco Grimaldi.
5:08 of 3rd period - Shot Misses the Net.
5:10 of 3rd period - Snap shot by Justin Danforth.
5:10 of 3rd period - Stopped by Eric Comrie with a rebound.
5:24 of 3rd period - Mikhail Maltsev is hit by Tucker Poolman and loses puck.
6:41 of 3rd period - Slapshot by Alexander Nylander.
6:41 of 3rd period - Deflect By Marian Studenic.
6:41 of 3rd period - Stopped by Jaroslav Halak with a rebound.
6:43 of 3rd period - Snap shot by Alexander Nylander.
6:43 of 3rd period - Shot Blocked by Nicolas Meloche.
6:47 of 3rd period - Slapshot by Nolan Foote.
6:47 of 3rd period - Shot Blocked by Nicolas Meloche.
6:49 of 3rd period - Snap shot by Henrik Borgstrom.
6:49 of 3rd period - Goal by Henrik Borgstrom - Havana Tropicals : 5 - Tucson Roadrunners : 2.
6:50 of 3rd period - Chris Tierney wins face-off versus Justin Danforth in neutral zone.
7:20 of 3rd period - Slapshot by Philipp Kurashev.
7:20 of 3rd period - Shot Misses the Net.
7:44 of 3rd period - Snap shot by Zach Aston-Reese.
7:44 of 3rd period - Shot Blocked by Johnathan Kovacevic.
7:46 of 3rd period - Snap shot by Teddy Blueger.
7:46 of 3rd period - Stopped by Jaroslav Halak without a rebound.
7:47 of 3rd period - Chris Tierney wins face-off versus Matthew Nieto in Tucson Roadrunners zone.
8:25 of 3rd period - Off-side.
8:26 of 3rd period - Scott Reedy wins face-off versus Philipp Kurashev in neutral zone.
8:29 of 3rd period - Snap shot by Scott Reedy.
8:29 of 3rd period - Stopped by Eric Comrie without a rebound.
8:30 of 3rd period - Scott Reedy wins face-off versus Philipp Kurashev in Havana Tropicals zone.
8:31 of 3rd period - Slapshot by Marian Studenic.
8:31 of 3rd period - Shot Misses the Net.
8:33 of 3rd period - Slapshot by Nicolas Meloche.
8:33 of 3rd period - Stopped by Eric Comrie with a rebound.
8:45 of 3rd period - Scott Reedy is hit by Pavel Dorofeyev and loses puck.
9:18 of 3rd period - Robert Hagg is hit by Zach Aston-Reese and loses puck.
9:31 of 3rd period - Teddy Blueger is hit by Ben Jones and loses puck.
10:13 of 3rd period - Wrist shot by Teddy Blueger.
10:13 of 3rd period - Stopped by Jaroslav Halak with a rebound.
10:34 of 3rd period - Minor Penalty to Johnathan Kovacevic for Slashing.
10:35 of 3rd period - Chris Tierney wins face-off versus Matthew Nieto in Tucson Roadrunners zone.
11:01 of 3rd period - Sammy Blais is hit by Rocco Grimaldi.
12:01 of 3rd period - Snap shot by Emil Bemstrom.
12:01 of 3rd period - Stopped by Jaroslav Halak without a rebound.
12:02 of 3rd period - Justin Danforth wins face-off versus Philipp Kurashev in Tucson Roadrunners zone.
12:02 of 3rd period - Justin Danforth is hit by Emil Bemstrom.
12:12 of 3rd period - Henrik Borgstrom is hit by Justin Danforth and loses puck.
12:34 of 3rd period - Penalty to Johnathan Kovacevic is over, Johnathan Kovacevic is back on ice.
12:59 of 3rd period - Wrist shot by Mikhail Maltsev.
12:59 of 3rd period - Shot Misses the Net.
13:18 of 3rd period - Pavel Dorofeyev is hit by Ben Jones and loses puck.
14:08 of 3rd period - Pierre-Edouard Bellemare is hit by Matthew Nieto and loses puck.
14:28 of 3rd period - Icing by Dean Kukan.
14:29 of 3rd period - Justin Danforth wins face-off versus Emil Bemstrom in Havana Tropicals zone.
14:36 of 3rd period - Snap shot by Rocco Grimaldi.
14:36 of 3rd period - Stopped by Eric Comrie without a rebound.
14:37 of 3rd period - Scott Reedy wins face-off versus Sammy Blais in Havana Tropicals zone.
15:07 of 3rd period - Slapshot by Nicolas Meloche.
15:07 of 3rd period - Stopped by Eric Comrie with a rebound.
15:26 of 3rd period - Timothy Liljegren is hit by Nicolas Meloche and loses puck.
15:51 of 3rd period - Matthew Highmore is hit by Nolan Foote and loses puck.
16:02 of 3rd period - Johnathan Kovacevic is hit by Milan Lucic and loses puck.
17:00 of 3rd period - Carson Soucy is hit by Nolan Foote.
17:06 of 3rd period - Snap shot by Nolan Foote.
17:06 of 3rd period - Shot Misses the Net.
17:08 of 3rd period - Wrist shot by Henrik Borgstrom.
17:08 of 3rd period - Stopped by Jaroslav Halak with a rebound.
17:10 of 3rd period - Wrist shot by Alexander Nylander.
17:10 of 3rd period - Stopped by Jaroslav Halak with a rebound.
17:20 of 3rd period - Slapshot by Scott Reedy.
17:20 of 3rd period - Stopped by Eric Comrie with a rebound.
17:26 of 3rd period - Matthew Highmore is hit by Tucker Poolman and loses puck.
18:03 of 3rd period - Slapshot by Henrik Borgstrom.
18:03 of 3rd period - Shot Blocked by Justin Danforth.
18:05 of 3rd period - Snap shot by Darren Raddysh.
18:05 of 3rd period - Shot Blocked by Justin Danforth.
18:17 of 3rd period - Minor Penalty to Robert Bortuzzo for High sticking.
18:18 of 3rd period - Scott Reedy wins face-off versus Chris Tierney in Havana Tropicals zone.
19:03 of 3rd period - Icing by Robert Hagg.
19:04 of 3rd period - Scott Reedy wins face-off versus Teddy Blueger in Tucson Roadrunners zone.
Goals for this period are 1 for Havana Tropicals vs 0 for Tucson Roadrunners.
Shots for this period are 7 for Havana Tropicals vs 11 for Tucson Roadrunners.
Back to the Top